 Dungeon Crawl Stone Soup version 0.21.1-1-g345015fe64 (webtiles) character file.

77 Dracia the Skirmisher (level 4, -3/29 HPs)
             Began as a Gargoyle Fighter on May 6, 2018.
             Killed from afar by a white imp (7 damage)
             ... with a puff of frost
             ... summoned by Natasha
             ... on level 2 of the Dungeon.
             The game lasted 00:01:42 (1103 turns).

Dracia the Skirmisher (Gargoyle Fighter)            Turns: 1103, Time: 00:01:43

Health: -3/29      AC: 11    Str: 20    XL:     4   Next: 34%
Magic:  4/4        EV:  7    Int:  8    God:
Gold:   102        SH:  9    Dex: 10    Spells: 3/3 levels left

rFire    . . .     SeeInvis .   a - +0 flail
rCold    . . .     Gourm    .   c - +0 shield
rNeg     + . .     Faith    .   b - +0 scale mail
rPois    ∞         Spirit   .   (no helmet)
rElec    +         Reflect  .   (no cloak)
rCorr    .         Harm     .   n - +0 pair of gloves
MR       .....                  (no boots)
Stlth    ..........             (no amulet)
HPRegen  0.09/turn              (no ring)
MPRegen  0.09/turn              (no ring)

@: no status effects
A: negative energy resistance 1, electricity resistance, unbreathing,
petrification resistance, rot immunity, AC +3
a: no special abilities


You were on level 2 of the Dungeon.
You were not hungry.

You visited 1 branch of the dungeon, and saw 2 of its levels.

You collected 102 gold pieces.


Innate Abilities, Weirdness & Mutations

You are resistant to torment.
Your stone body is resilient. (AC +3)
You are immune to poison.
You resist negative energy. (rN+)
You are resistant to electric shocks. (rElec)
You can survive without breathing.
You are immune to petrification.
You are immune to rotting.


   Skills:
 + Level 4.1 Fighting
 * Level 3.8 Maces & Flails
 - Level 3.2 Armour
 - Level 3.2 Shields


You had 3 spell levels left.
You didn't know any spells.

Inventory:

Hand Weapons
 a - a +0 flail (weapon)
Armour
 b - a +0 scale mail (worn)
 c - a +0 shield (worn)
 n - a +0 pair of gloves (worn)
Wands
 o - a wand of iceblast (11)
Scrolls
 e - a scroll of blinking {unknown}
 h - 3 scrolls of identify {unknown}
 p - a scroll of fear {unknown}
 q - a scroll of remove curse {unknown}
Potions
 d - a potion of might
 i - a potion of lignification {unknown}
 j - a potion of mutation {unknown}
 k - a potion of degeneration {unknown}
 l - a potion of berserk rage {unknown}
 m - a potion of flight {unknown}
Comestibles
 f - 2 rations
 g - 7 chunks of flesh {@*1}

Dungeon Overview and Level Annotations

Branches:
Dungeon (2/15)

Altars:

Annotations:
D:2 Natasha

.####.......#......#.......#
....+.......#......#.......#
.####...÷...#..............#
....##'#....#..............#
###.##.#....#...(...........
....##.#....#................
####...#....#........###......
#.###....#####.....# #+#
##......h9...#.#
.......5...#.# ...........# .
.....(.....# ...........#
...........# ........####
.########


You could see Natasha and a white imp.


Message History

The puff of frost hits you!
You completely miss Natasha.
Natasha is severely wounded.
Natasha claws you but does no damage. Natasha casts a spell at you.
The magic dart hits you!
You hit Natasha.
Natasha is severely wounded.
The white imp gestures at you. The puff of frost hits you! Natasha claws you.
* * * LOW HITPOINT WARNING * * *
You completely miss Natasha.
Natasha is severely wounded.
The white imp gestures at you. The puff of frost hits you!
* * * LOW HITPOINT WARNING * * *
Natasha closely misses you. You block the white imp's attack.
You hit Natasha but do no damage.
Natasha is severely wounded.
Natasha claws you.
* * * LOW HITPOINT WARNING * * *
The white imp gestures at you. The puff of frost hits you!
You closely miss Natasha.
Natasha is severely wounded.
Natasha claws you.
* * * LOW HITPOINT WARNING * * *
The white imp gestures at you. The puff of frost hits you!
You die...

Action                   |  1- 3 |  4- 6 || total
-------------------------+-------+-------++-------
Melee: Flail             |   105 |     9 ||   114
  Eat: Chunk             |     1 |       ||     1
Armor: Scale mail        |    49 |     4 ||    53
Dodge: Dodged            |    31 |     1 ||    32
Block: Shield            |    45 |     2 ||    47

Vault maps used:
D:1:      kennysheep_arrival_seaside
D:2:      uniq_natasha, uniq_crazy_yiuf_cottage

Notes
Turn   | Place    | Note
-------+----------+-------------------------------------------
     0 | D:1      | Dracia the Gargoyle Fighter began the quest for the Orb.
     0 | D:1      | Reached XP level 1. HP: 14/14 MP: 1/1
   113 | D:1      | Reached XP level 2. HP: 11/19 MP: 2/2
   776 | D:2      | Reached skill level 3 in Maces & Flails
   788 | D:2      | Reached XP level 3. HP: 24/24 MP: 3/3
  1000 | D:2      | Reached skill level 4 in Fighting
  1053 | D:2      | Noticed Natasha
  1063 | D:2      | Killed Natasha
  1063 | D:2      | Reached XP level 4. HP: 27/29 MP: 4/4
  1093 | D:2      | Noticed Natasha
  1103 | D:2      | Killed from afar by a white imp

Vanquished Creatures
  Natasha (D:2)
  2 adders (D:2)
  A worm (D:2)
  A leopard gecko (D:1)
  A giant cockroach (D:2)
  4 goblins
  4 hobgoblins
  3 quokkas (D:2)
  4 bats
  A frilled lizard (D:2)
  4 kobolds
  6 rats
32 creatures vanquished.
